 Dungeon Crawl Stone Soup version 0.22-a0-117-g314b907 (webtiles) character file.

416 sankara the Sneak (level 6, -9/46 HPs)
             Began as a Vampire Berserker on Jan 29, 2018.
             Was a Priest of Trog.
             Mangled by a gnoll
             ... wielding a +0 halberd
              (14 damage)
             ... on level 3 of the Dungeon.
             The game lasted 00:21:07 (4052 turns).

sankara the Sneak (Vampire Berserker)               Turns: 4052, Time: 00:21:08

Health: -9/46      AC:  5    Str: 16    XL:     6   Next: 60%
Magic:  6/6        EV: 13    Int:  9    God:    Trog [***...]
Gold:   80         SH:  0    Dex: 16    Spells: 5/5 levels left

rFire    . . .     SeeInvis +   a - +0 falchion
rCold    + . .     Gourm    .   (no shield)
rNeg     + + .     Faith    .   f - +0 animal skin
rPois    +         Spirit   .   j - +0 helmet
rElec    .         Reflect  .   i - +0 cloak
rCorr    .         Harm     .   r - +0 pair of gloves (curse)
MR       +....                  (no boots)
Stlth    +++++.....             (no amulet)
HPRegen  0.07/turn              n - ring of protection from magic
MPRegen  0.10/turn              (no ring)

@: berserk cooldown, regenerating slowly, slowed, very slow
A: fangs 3, see invisible, unbreathing
a: Bat Form, Berserk, Trog's Hand, Burn Spellbooks, Renounce Religion


You were on level 3 of the Dungeon.
You worshipped Trog.
Trog was most pleased with you.
You were thirsty.

You visited 1 branch of the dungeon, and saw 3 of its levels.

You collected 80 gold pieces.

Inventory:

Hand Weapons
 a - a +0 falchion (weapon)
 b - a +0 dagger
 e - a +1 hunting sling of flaming
 g - a +1 vampiric short sword
Missiles
 l - 75 stones (quivered)
Armour
 f - a +0 animal skin (worn)
 i - a +0 cloak (worn)
 j - a +0 helmet (worn)
 r - a cursed +0 pair of gloves (worn)
Jewellery
 n - a ring of protection from magic (left hand)
Wands
 h - a wand of scattershot (4)
 o - a wand of digging (2)
Scrolls
 p - a scroll of teleportation
 t - a scroll of fog {unknown}
Potions
 c - 2 potions of haste
 d - 28 potions of blood
 k - a potion of flight {unknown}
 m - a potion of resistance {unknown}
 q - a potion of degeneration {unknown}
 s - a potion of might {unknown}


   Skills:
 - Level 2.6 Fighting
 - Level 3.0 Long Blades
 + Level 3.8 Throwing
 - Level 1.5 Armour
 - Level 2.1 Dodging
 + Level 7.5 Stealth


You had 5 spell levels left.
You didn't know any spells.

Dungeon Overview and Level Annotations

Branches:
Dungeon (3/15)

Altars:

Annotations:
D:3 exclusion: door


Innate Abilities, Weirdness & Mutations

You heal slowly.
You have razor-sharp teeth.
You have supernaturally acute eyesight. (SInv)
You can survive without breathing.


Message History

The gnoll shaman is moderately wounded.
The gnoll closely misses you. The gnoll hits you with a flail!
The gnoll shaman misses you.
You are too injured to fight recklessly!
You are too injured to fight recklessly!
You are too injured to fight recklessly!
You are too injured to fight recklessly!
You feel a strong urge to attack something.
You are no longer berserk.
You are exhausted.
You feel yourself slow down.
As you read the scroll of teleportation, it crumbles to dust.
You feel strangely unstable.
The gnoll hits you from afar with a halberd!!
* * * LOW HITPOINT WARNING * * *
The gnoll barely misses you. The gnoll misses you.
Your surroundings seem slightly different.
The gnoll hits you from afar with a halberd!
You die...

##.####.#.# ###.........#....
.#......#.# #.........#....
.#.#......# #.........#..g.
.#.....#### #........##....
.#.#.#.##### #........##....
.#.#.#.....# #..............
.#...#####.###### #..............
.#....#..#......###..g.........##
##.#.##.........@..g...........#
.#.#.....##......g.g#######....##
.#.########......g..# #....##
##.# #......g..# #....## ...#
#.........# #....## .####
#....ยง....# #...^##
....#######.........#### #....##
.......................# #######
###.########...........# #


You could see a gnoll shaman and 5 gnolls.

Vanquished Creatures
  An ogre (D:2)
  Natasha (thrice) (D:2)
  An orc wizard (D:3)
  7 gnolls (D:3)
  6 adders
  3 oozes
  A worm (D:3)
  2 dart slugs
  3 leopard geckos
  4 orcs (D:3)
  12 bats
  3 giant cockroaches
  8 goblins
  8 hobgoblins
  19 jackals
  6 kobolds
  A quokka (D:2)
  3 ball pythons
  5 rats
96 creatures vanquished.

Notes
Turn   | Place    | Note
-------+----------+-------------------------------------------
     0 | D:1      | sankara the Vampire Berserker began the quest for the Orb.
     0 | D:1      | Reached XP level 1. HP: 17/17 MP: 1/1
    26 | D:1      | Reached skill level 1 in Stealth
   128 | D:1      | Reached XP level 2. HP: 20/23 MP: 2/2
   181 | D:1      | Reached skill level 2 in Stealth
   186 | D:1      | Reached skill level 1 in Throwing
   745 | D:1      | Reached skill level 3 in Stealth
   745 | D:1      | Reached XP level 3. HP: 28/28 MP: 3/3
   895 | D:1      | Reached ** piety under Trog
  1247 | D:2      | Noticed Natasha
  1254 | D:2      | Killed Natasha
  1254 | D:2      | Reached skill level 4 in Stealth
  1254 | D:2      | Reached XP level 4. HP: 27/34 MP: 4/4
  1567 | D:2      | Noticed an ogre
  1571 | D:2      | Noticed Natasha
  1605 | D:2      | Killed an ogre
  1605 | D:2      | Reached skill level 5 in Stealth
  1605 | D:2      | Reached XP level 5. HP: 17/39 MP: 5/5
  1967 | D:2      | Killed Natasha
  2091 | D:2      | Noticed Natasha
  2094 | D:2      | Killed Natasha
  2094 | D:2      | Reached skill level 6 in Stealth
  2888 | D:3      | Reached XP level 6. HP: 46/46 MP: 6/6
  2969 | D:3      | Reached *** piety under Trog
  3216 | D:3      | Reached skill level 7 in Stealth
  4052 | D:3      | Mangled by a gnoll

Vault maps used:
D:1:      roderic_crossed_star
D:2:      uniq_natasha
D:3:      lemuel_castle_with_subvaults, first_ration

Skill      XL: |  1  2  3  4  5  6 |
---------------+-------------------+-----
Stealth        | 1 3 4 5 6 7 |  7.5
Throwing       | 1 2 3 |  3.8
Fighting       | |  2.6
Long Blades    | |  3.0
Armour         | |  1.5
Dodging        | |  2.1

Action                   |  1- 3 |  4- 6 || total
-------------------------+-------+-------++-------
Melee: Falchion          |    78 |   117 ||   195
       Bite              |     5 |    17 ||    22
       Dagger            |     6 |    14 ||    20
 Fire: Hunting sling     |       |    54 ||    54
Throw: Stone             |     1 |     1 ||     2
Invok: Berserk           |       |     5 ||     5
       Trog's Hand       |       |     1 ||     1
       Burn Spellbooks   |       |     1 ||     1
  Use: Scroll            |       |     6 ||     6
       Potion            |       |    11 ||    11
 Stab: Sleeping          |     6 |     8 ||    14
Armor: Animal skin       |    26 |    31 ||    57
Dodge: Dodged            |    51 |   100 ||   151
       Rpst.: Falchion   |     7 |    20 ||    27

Table legend:
 A = Spawn XP
 B = Non-spawn XP
 C = Spawn XP percentage of total XP
 D = Spawn monster count
 E = Non-spawn monster count
 F = Spawn count percentage of total count
 G = Total turns spent on level
                    A         B        C        D         E        F      G
               +---------+---------+-------+---------+---------+-------+---------
         Total |       0 |     595 |   0.0 |       0 |      96 |   0.0 |  4052
               +---------+---------+-------+---------+---------+-------+---------
           D:1 |       0 |      49 |   0.0 |       0 |      26 |   0.0 |  1067
           D:2 |       0 |     304 |   0.0 |       0 |      32 |   0.0 |  1542
           D:3 |       0 |     242 |   0.0 |       0 |      38 |   0.0 |  1443
               +---------+---------+-------+---------+---------+-------+---------
